AoeStats
← GenKis

Migration

510192759Analyzed
1v1 RM · 13h ago on Sep 29, 2026· 31m 21s· 2 players
Game mode
Random Map
Map size
132×132
Population
200
Speed
Normal
Resources
Standard
Victory
Conquest
Starting age
Dark Age
Ending age
Imperial Age
RankedLock teamsTeams togetherTeam positionsShared explorationLock speedFull tech treeHidden civsTurbo modeCheats
Victory
Defeat
🇵🇹 Portuguese · Portugal
749
+16
🇵🇪 Danes · Peru
740
-16
Lord Kashiri
13:42 Feudal Age
12:02 Loom
22:34 Castle Age
25:37 Stone Mining
29:37 Fletching
30:01 Forging
29:58 Scale Barding Armor
34:10 Imperial Age
GenKis
8:50 Loom
12:00 Feudal Age
12:56 Double-Bit Axe
20:18 Castle Age
19:39 Gold Mining
19:43 Fletching
21:41 Medium Warships
21:29 Bodkin Arrow
25:16 Ballistics
24:59 Padded Archer Armor
25:23 Fishing Lines
25:59 Careening
26:04 Clinker Construction
30:52 Imperial Age
30:43 Stone Mining
31:06 Bow Saw
Connection lost

Rejoining the realm…

Still unreachable

The connection could not be restored.

Session expired

The server has moved on; the page needs a fresh start.